 Dungeon Crawl Stone Soup version 0.23.1-37-gaa34b87 (webtiles) character file.

Game seed: 5676865754066675953

595 esteth the Magician (level 7, -2/51 HPs)
             Began as a Gnoll Wizard on Mar 24, 2019.
             Was an Initiate of Ashenzari.
             Shot with an arrow by a centaur (11 damage)
             ... on level 5 of the Dungeon.
             The game lasted 00:10:11 (6017 turns).

esteth the Magician (Gnoll Wizard)                  Turns: 6017, Time: 00:10:11

Health: -2/51      AC:  3    Str: 10    XL:     7   Next: 40%
Magic:  5/18       EV: 14    Int: 22    God:    Ashenzari [......]
Gold:   267        SH:  0    Dex: 13    Spells: 10/21 levels left

rFire    . . .     SeeInvis .   k - staff of cold
rCold    + . .     Gourm    .   (no shield)
rNeg     . . .     Faith    .   a - +0 robe
rPois    .         Spirit   .   b - +0 hat
rElec    .         Reflect  .   g - +0 cloak (curse)
rCorr    .         Harm     .   (no gloves)
MR       .....                  (no boots)
Stlth    +++.......             (no amulet)
HPRegen  0.17/turn              (no ring)
MPRegen  0.16/turn              (no ring)

@: no status effects
A: distributed training, fangs 1, strong nose
a: Curse Item, Renounce Religion


You were on level 5 of the Dungeon.
You worshipped Ashenzari.
Ashenzari was noncommittal.
You were not hungry.

You visited 2 branches of the dungeon, and saw 6 of its levels.

You collected 267 gold pieces.

Inventory:

Armour
 a - a +0 robe (worn)
 b - a +0 hat (worn)
 g - a cursed +0 cloak (worn)
Magical Staves
 k - an uncursed staff of cold (weapon)
Scrolls
 c - 4 scrolls of identify
 e - a scroll of remove curse
 f - 2 scrolls of random uselessness {unknown}
 h - a scroll of enchant weapon {unknown}
 j - a scroll of immolation {unknown}
 o - a scroll of blinking {unknown}
Potions
 i - a potion of curing
 l - a potion of magic {unknown}
 m - 3 potions of heal wounds {unknown}
 n - a potion of ambrosia {unknown}
Comestibles
 d - 8 rations


   Skills:
 + Level 2.4 Fighting
 + Level 2.4 Short Blades
 + Level 2.4 Long Blades
 + Level 2.4 Axes
 + Level 2.4 Maces & Flails
 + Level 2.4 Polearms
 + Level 2.4 Staves
 + Level 2.4 Slings
 + Level 2.4 Bows
 + Level 2.4 Crossbows
 + Level 2.4 Throwing
 + Level 2.4 Armour
 + Level 5.2 Dodging
 + Level 4.8 Stealth
 + Level 2.4 Shields
 + Level 2.4 Unarmed Combat
 + Level 7.6 Spellcasting
 + Level 2.9 Conjurations
 + Level 2.0 Hexes
 + Level 2.0 Charms
 + Level 2.9 Summonings
 + Level 2.0 Necromancy
 + Level 2.9 Translocations
 + Level 2.0 Transmutations
 + Level 2.0 Fire Magic
 + Level 2.0 Ice Magic
 + Level 2.0 Air Magic
 + Level 2.0 Earth Magic
 + Level 2.0 Poison Magic
 + Level 2.6 Invocations
 + Level 2.4 Evocations


You had 10 spell levels left.
You knew the following spells:

 Your Spells              Type           Power        Failure   Level  Hunger
a - Magic Dart            Conj           ###.         2%          1    None
b - Blink                 Tloc           N/A          3%          2    None
c - Call Imp              Summ           ###.....     3%          2    None
d - Conjure Flame         Conj/Fire      ###.....     9%          3    None
e - Mephitic Cloud        Conj/Pois/Air  ###.....     9%          3    None

Your spell library contained the following spells:

 Spells                   Type           Power        Failure   Level  Hunger
 Slow                     Hex            ###.....     5%          2    None


Dungeon Overview and Level Annotations

Branches:
Dungeon (5/15)             Temple (1/1) D:4

Altars:
Ashenzari
Cheibriados
Dithmenos
Elyvilon
Fedhas
Gozag
Hepliaklqana
Kikubaaqudgha
Makhleb
Nemelex Xobeh
Okawaru
Ru
Uskayaw
Xom
Zin
The Shining One


Innate Abilities, Weirdness & Mutations

Your experience applies equally to all skills.
You have very sharp teeth.
Your uncanny sense of smell can sniff out nearby items.


Message History

Casting: Magic Dart (safe; 2% risk of failure)
Confirm with . or Enter, or press ? or * to list all spells.
Aiming: Magic Dart (safe; 2% risk of failure)
Press: ? - help, Shift-Dir - straight line, f - centaur
Aim: a centaur, wielding a +0 shortbow The magic dart hits the centaur.
The centaur is moderately wounded.
The centaur shoots an arrow.
The arrow hits you!
The centaur shoots an arrow.
The arrow closely misses you.
The centaur shoots an arrow.
The arrow hits you!
You see here an arrow.
The centaur shoots an arrow.
The arrow hits you!
* * * LOW HITPOINT WARNING * * *
You see here 2 arrows.
You start resting.
The centaur is too close now for your liking.
The centaur shoots an arrow.
The arrow hits you.
* * * LOW HITPOINT WARNING * * *
The centaur shoots an arrow.
The arrow hits you!
You die...

∆ ########## ###
#........# .... ###
#.##...#.# ..... ..#
#.#.###@.# #.....
..#
##..#####.###......
..####
#......##((#.......
.....#
#..###....(c.......
.....#
#..######.†###.c...
.....####.........##
###
..###......#.###.##
..# #.##........#
..# #.##...####.#


You could see a centaur.

Vanquished Creatures
  A black bear (D:5)
  2 ogres (D:4)
  A scorpion (D:4)
  A hound (D:4)
  2 iguanas
  A worker ant (D:4)
  A howler monkey skeleton (D:4)
  5 adders
  3 gnolls (D:2)
  3 worms
  2 dart slugs
  6 orcs (D:4)
  8 bats
  3 giant cockroaches
  7 goblins
  10 hobgoblins
  4 jackals (D:2)
  5 kobolds (D:2)
  A ball python (D:4)
  5 frilled lizards
  A jackal zombie (D:5)
  A leopard gecko skeleton (D:4)
  9 rats
82 creatures vanquished.

Notes
Turn   | Place    | Note
-------+----------+-------------------------------------------
     0 | D:1      | esteth the Gnoll Wizard began the quest for the Orb.
     0 | D:1      | Reached XP level 1. HP: 13/13 MP: 8/8
   137 | D:1      | Reached XP level 2. HP: 19/19 MP: 5/10
   800 | D:1      | Learned a level 2 spell: Blink
   803 | D:1      | Learned a level 2 spell: Call Imp
  1120 | D:2      | Reached XP level 3. HP: 25/25 MP: 9/11
  1604 | D:2      | Learned a level 3 spell: Conjure Flame
  1608 | D:2      | Learned a level 3 spell: Mephitic Cloud
  1620 | D:2      | Found a snail-covered altar of Cheibriados.
  1694 | D:2      | Reached skill level 1 in Invocations
  1824 | D:2      | Reached skill level 1 in Fighting
  1824 | D:2      | Reached skill level 1 in Short Blades
  1824 | D:2      | Reached skill level 1 in Long Blades
  1824 | D:2      | Reached skill level 1 in Axes
  1824 | D:2      | Reached skill level 1 in Maces & Flails
  1824 | D:2      | Reached skill level 1 in Polearms
  1824 | D:2      | Reached skill level 1 in Staves
  1824 | D:2      | Reached skill level 1 in Slings
  1824 | D:2      | Reached skill level 1 in Bows
  1824 | D:2      | Reached skill level 1 in Crossbows
  1824 | D:2      | Reached skill level 1 in Throwing
  1824 | D:2      | Reached skill level 1 in Armour
  1824 | D:2      | Reached skill level 1 in Shields
  1824 | D:2      | Reached skill level 1 in Unarmed Combat
  1824 | D:2      | Reached skill level 1 in Evocations
  2013 | D:2      | Found a faded altar of an unknown god.
  2015 | D:2      | Reached XP level 4. HP: 32/32 MP: 4/13
  2508 | D:3      | Reached skill level 1 in Hexes
  2508 | D:3      | Reached skill level 1 in Charms
  2508 | D:3      | Reached skill level 1 in Necromancy
  2508 | D:3      | Reached skill level 1 in Transmutations
  2508 | D:3      | Reached skill level 1 in Fire Magic
  2508 | D:3      | Reached skill level 1 in Ice Magic
  2508 | D:3      | Reached skill level 1 in Air Magic
  2508 | D:3      | Reached skill level 1 in Earth Magic
  2508 | D:3      | Reached skill level 1 in Poison Magic
  2699 | D:3      | Found a blossoming altar of Fedhas.
  2852 | D:3      | Found a shadowy altar of Dithmenos.
  3128 | D:3      | Found a sparkling altar of Nemelex Xobeh.
  3128 | D:3      | Found a glowing silver altar of Zin.
  3360 | D:4      | Reached XP level 5. HP: 37/37 MP: 8/14
  3974 | D:4      | Found a staircase to the Ecumenical Temple.
  4010 | Temple   | Entered the Ecumenical Temple
  4022 | Temple   | Became a worshipper of Ashenzari the Shackled
  4598 | D:4      | Noticed an ogre
  4633 | D:4      | Killed an ogre
  4633 | D:4      | Reached XP level 6. HP: 44/44 MP: 2/16
  4802 | D:4      | HP: 2/44 [scorpion (7)]
  5117 | D:4      | Reached skill level 5 in Dodging
  5431 | D:4      | Found a burning altar of Makhleb.
  5703 | D:4      | Reached XP level 7. HP: 27/50 MP: 0/18
  5927 | D:5      | Entered Level 5 of the Dungeon
  6017 | D:5      | Shot with an arrow by a centaur

Skill      XL: |  1  2  3  4  5  6  7 |
---------------+----------------------+-----
Conjurations   | 2 |  2.9
Summonings     | 2 |  2.9
Translocations | 2 |  2.9
Invocations    | 1 2 |  2.6
Fighting       | 1 2 |  2.4
Short Blades   | 1 2 |  2.4
Long Blades    | 1 2 |  2.4
Axes           | 1 2 |  2.4
Maces & Flails | 1 2 |  2.4
Polearms       | 1 2 |  2.4
Staves         | 1 2 |  2.4
Slings         | 1 2 |  2.4
Bows           | 1 2 |  2.4
Crossbows      | 1 2 |  2.4
Throwing       | 1 2 |  2.4
Armour         | 1 2 |  2.4
Shields        | 1 2 |  2.4
Unarmed Combat | 1 2 |  2.4
Evocations     | 1 2 |  2.4
Hexes          | 1 2 |  2.0
Charms         | 1 2 |  2.0
Necromancy     | 1 2 |  2.0
Transmutations | 1 2 |  2.0
Fire Magic     | 1 2 |  2.0
Ice Magic      | 1 2 |  2.0
Air Magic      | 1 2 |  2.0
Earth Magic    | 1 2 |  2.0
Poison Magic   | 1 2 |  2.0
Dodging        | 5 |  5.2
Stealth        | |  4.8
Spellcasting   | |  7.6

Action                   |  1- 3 |  4- 6 |  7- 9 || total
-------------------------+-------+-------+-------++-------
Melee: Staff             |    30 |     3 |       ||    33
       Bite              |     4 |       |       ||     4
       Punch             |     1 |       |       ||     1
 Cast: Magic Dart        |    82 |   177 |    12 ||   271
       Conjure Flame     |       |     5 |     1 ||     6
       Mephitic Cloud    |       |     3 |     1 ||     4
       Call Imp          |       |     2 |       ||     2
       Blink             |       |     1 |       ||     1
Invok: Curse Item        |       |       |     1 ||     1
  Use: Scroll            |     1 |       |       ||     1
       Potion            |       |     3 |       ||     3
 Stab: Sleeping          |     2 |     2 |       ||     4
  Eat: Chunk             |     3 |     5 |       ||     8
       Ration            |       |     2 |       ||     2
Armor: Robe              |     8 |     3 |     1 ||    12
Dodge: Dodged            |    39 |    36 |     9 ||    84
